Cogmind - Beta 17 @@@ ROGUE MODE // 2026.08.19 @ 14:14:05 Player: Rocko1345 Result: Destroyed by G-34 Mercenary with Small Laser Performance ------------- Evolutions (1) 500 Regions Visited (3) 600 Robots Destroyed (24) 120 Value Destroyed (665) 665 Prototype IDs (2) 40 Alien Tech Used (0) 0 Bonus (0) 0 TOTAL SCORE: 1925 Bonus ------- None Cogmind --------- Core Integrity 0/400 Matter 300/300 Energy 250/250 System Corruption 2% Temperature Cool (6) Movement Walking (260) Ox2 Location -9/Mines Parts ------- > --- POWER (1) -------- (None) > --- PROPULSION (2) --- Aluminum Leg > --- UTILITY (4) ------ Large Storage Unit Medium Battery > --- WEAPON (2) ------- Flail > --- INVENTORY (15) --- Melee Analysis Suite Light Assault Rifle Autogun Light Cannon Grenade Launcher Katana Peak State ------------ > --- POWER ------------ Improved Ion Engine > --- PROPULSION ------- Light Treads Aluminum Leg > --- UTILITY ---------- Heat Sink Large Storage Unit Medium Battery Machine Analyzer > --- WEAPON ----------- Light Assault Rifle Flail > --- INVENTORY -------- Melee Analysis Suite Light Assault Rifle Autogun Light Cannon Grenade Launcher Katana [Rating: 14] Favorites ----------- Power Ion Engine Engine Ion Engine Propulsion Wheel Treads Light Treads Leg Aluminum Leg Wheel Wheel Utility Medium Battery Device Heat Sink Storage Medium Battery Processor Machine Analyzer Weapon Light Assault Rifle Ballistic Gun Light Assault Rifle Ballistic Cannon Light Cannon Impact Weapon Flail Build | -11 -10 -9 -9 ------- Run | Yrd Mat Mat Min Slots Evolved 2 | . . 2 . Power . | . . . . Propulsion . | . . . . Utility 2 | . . 2 . Weapon . | . . . . Parts Attached 16 | 6 2 8 . Power 2 | 1 . 1 . Engine 2 | 1 . 1 . Core . | . . . . Reactor . | . . . . Propulsion 4 | 2 . 2 . Treads 1 | . . 1 . Leg 1 | . . 1 . Wheel 2 | 2 . . . Hover . | . . . . Flight . | . . . . Utility 5 | 1 1 3 . Device 1 | . . 1 . Storage 3 | 1 1 1 . Processor 1 | . . 1 . Hackware . | . . . . Protection . | . . . . Artifact . | . . . . Weapon 5 | 2 1 2 . Energy Gun . | . . . . Energy Cannon . | . . . . Ballistic Gun 3 | 2 . 1 . Ballistic Cannon 1 | . 1 . . Launcher . | . . . . Special Weapon . | . . . . Impact Weapon 1 | . . 1 . Slashing Weapon . | . . . . Piercing Weapon . | . . . . Special Melee Weapon . | . . . . Unidentified Prototypes . | . . . . Parts Lost 8 | . . 7 1 Power 2 | . . 2 . Propulsion 3 | . . 3 . Utility 2 | . . 1 1 Weapon 1 | . . 1 . Highest Loss Streak 2 | . . 2 1 To Critical Strikes . | . . . . Average Backups 3 | . 1 4 6 Power . | . . . . Propulsion . | . . . . Utility . | . . . 1 Weapon 3 | . 1 3 5 Tool/Special . | . . . . Unused Backups 3 | . . . 3 Power . | . . . . Propulsion . | . . . . Utility 1 | . . . 1 Weapon 2 | . . . 2 Tool/Special . | . . . . Average Slot Usage (%) 88 | . 97 88 55 Engine 9 | . 14 8 . Treads 5 | . . 6 . Leg 3 | . . 3 11 Wheel 9 | . 28 7 . Device 6 | . . 7 . Storage 22 | . 25 22 22 Processor 9 | . . 11 11 Ballistic Gun 14 | . 23 13 . Ballistic Cannon 1 | . 4 1 . Impact Weapon 6 | . . 7 11 Peak Build Rating 14 | 6 7 14 9 Average Rating 10 | 4 6 11 8 On Entrance 5 | . 6 7 9 Avg Prop Armor Cover (%) 6 | 20 . 6 . Naked Turns . | . . . . Heaviest Build 33 | 12 16 33 24 Greatest Support 26 | 26 26 26 10 Greatest Overweight (x) 10 | 1 . 10 2 Average Overweight (x) . | . . . 2 Largest Inventory Capacity 15 | 8 8 15 15 Average Capacity 11 | 7 8 12 15 Most Carried 6 | . 3 6 6 Average Carried 3 | . 1 4 6 Final Capacity 15 | 8 8 15 15 Final Carried 6 | . 3 6 6 Class Distribution -------------------- 91% | Mutant 8% | Scavenger-Mutant Dominant Class ---------------- Mutant | -10/Materials Mutant | -9/Materials Mutant | -9/Mines Resources | -11 -10 -9 -9 ----------- Run | Yrd Mat Mat Min Matter Collected 482 | 182 29 271 . Remotely . | . . . . Salvage Created 821 | . 32 752 37 Parts 35 | . 6 28 1 Haulers Intercepted 1 | . . 1 . Recyclers Shooed . | . . . . Parts Field Recycled . | . . . . Retrieved Matter . | . . . . Parts Self-Destructed . | . . . . Prevented . | . . . . Parts Restored . | . . . . Kills | -11 -10 -9 -9 ------- Run | Yrd Mat Mat Min Combat Hostiles Destroyed 16 | . . 15 1 Melee 7 | . . 6 1 Guns 4 | . . 4 . Classes Destroyed 10 | . 2 8 . Worker 1 | . . 1 . Hauler 1 | . . 1 . Recycler 1 | . . 1 . Mechanic 1 | . 1 . . Operator 1 | . . 1 . Watcher 3 | . 1 2 . Swarmer 2 | . . 2 . Grunt 8 | . . 7 1 Duelist 2 | . . 2 . Sentry 4 | . . 4 . Best Kill Streak 3 | . 1 3 1 Combat Bots Only 2 | . . 2 1 Max Kills in Single Turn 1 | . 1 1 1 Gunslinging . | . . . . Exploded . | . . . . Melee 1 | . . 1 1 Uniques/NPCs Destroyed . | . . . . Combat | -11 -10 -9 -9 -------- Run | Yrd Mat Mat Min Hostile Shots Fired 99 | . . 91 8 Missed 23 | . . 21 2 Hits 76 | . . 70 6 Melee 6 | . . 4 2 Projectile 70 | . . 66 4 Critical Strikes 3 | . . 3 . Damage Taken 1118 | . . 1030 88 Core 403 | . . 337 66 Absorbed by Shields . | . . . . Regen/Repaired (Parts) 105 | . . 105 . Core Remaining (%) 100 | 100 100 . . Volleys Fired 25 | . 7 18 . Largest 2 | . 2 2 . Hottest 50 | . 50 50 . Shots Fired 50 | . 14 36 . Gun 42 | . 7 35 . Cannon 8 | . 7 1 . Launcher . | . . . . Special . | . . . . Kinetic 50 | . 14 36 . Thermal . | . . . . Explosive . | . . . . Electromagnetic . | . . . . Robot Hit Streak 5 | . 4 5 . Robot Miss Streak 4 | . 4 3 . Penetration Max . | . . . . Secondary Targets . | . . . . Shots Hit Robots 72 | . 7 61 4 Core Hits 19 | . 4 14 1 Critical Kills 1 | . . 1 . Critical Parts Destroyed 4 | . . 4 . Critical Strikes 6 | . . 5 1 Smash 6 | . . 5 1 Melee Attacks 53 | . . 49 4 Impact 53 | . . 49 4 Slashing . | . . . . Piercing . | . . . . Sneak Attacks 6 | . . 6 . Combat Hostiles 1 | . . 1 . Follow-up Attacks . | . . . . Damage Inflicted 2050 | . 145 1791 114 Guns 247 | . 51 196 . Cannons 111 | . 94 17 . Explosions . | . . . . Melee 1692 | . . 1578 114 Ramming . | . . . . Kinetic 358 | . 145 213 . Thermal . | . . . . Explosive . | . . . . Electromagnetic . | . . . . Impact 1692 | . . 1578 114 Slashing . | . . . . Piercing . | . . . . Highest Corruption 2 | . . . 2 Average Corruption 2 | . . . 2 Corruption Purged . | . . . . Corruption Blocked . | . . . . Overload Shots . | . . . . Overflow Damage 481 | . . 481 . Projectiles . | . . . . Explosions . | . . . . Melee 481 | . . 481 . Knockbacks 8 | . . 8 . Impact 8 | . . 8 . Kinetic . | . . . . Secondary . | . . . . Self-Inflicted Damage . | . . . . Shots . | . . . . Rammed . | . . . . Targets Rammed . | . . . . Kicked . | . . . . Crushed . | . . . . Highest Temperature 20 | . 20 6 . Average Temperature 8 | . 8 4 . Received Heat Transfer 342 | . . 318 24 Siege Activations . | . . . . Martial Activations . | . . . . Shielding Activations . | . . . . Robots Disrupted . | . . . . Combat Hostiles . | . . . . Robots Corrupted 9 | . . 9 . Combat Hostiles 5 | . . 5 . Parts Fried 15 | . . 15 . Impact Corruptions 18 | . . 18 . Robots Melted . | . . . . Combat Hostiles . | . . . . Parts Melted . | . . . . Heat Transferred . | . . . . Parts Sabotaged . | . . . . Parts Stolen . | . . . . Parts Stripped . | . . . . Power Chain Reactions . | . . . . Alert | -11 -10 -9 -9 ------- Run | Yrd Mat Mat Min Maximum Alert Level 1 | . . 1 . Low Security (%) 99 | 100 100 99 100 Level 1 . | . . . . Level 2 . | . . . . Level 3 . | . . . . Level 4 . | . . . . Level 5 . | . . . . High Security . | . . . . Max Security . | . . . . Peak Influence 203 | . 7 203 73 Initial 63 | . . . 63 Average 61 | . . 72 59 Influence Increases 651 | . 16 615 20 Destroy 0b10 Robot/C 320 | . . 300 20 Destroy 0b10 Robot/NC 40 | . 10 30 . Destroy Leader 98 | . 2 96 . Trap Triggered on 0b10 10 | . . 10 . Successful Hack 46 | . 4 42 . Destroy Structure 2 | . . 2 . Partial Spotted 30 | . . 30 . Lose Combat Pursuer 105 | . . 105 . Influence Decreases 598 | . 16 453 129 Entered New Map 99 | . . . 99 Time Decay 439 | . 16 403 20 Lost Part 60 | . . 50 10 Squads Dispatched 2 | . . 2 . Investigation . | . . . . Extermination . | . . . . Reinforcement 2 | . . 2 . Assault . | . . . . Garrison . | . . . . Intercept . | . . . . Searches Triggered . | . . . . Construction Impeded . | . . . . Haulers Reinforced . | . . . . Active Scanning Responses . | . . . . Cargo Convoy Interrupts . | . . . . Stealth | -11 -10 -9 -9 --------- Run | Yrd Mat Mat Min Distress Signals 3 | . . 3 . Communications Jammed . | . . . . Distress Signals . | . . . . Times Spotted 33 | . 4 26 3 Peak Tracking Total 5 | . 2 5 3 Tactical Retreats 4 | . . 4 . Traps | -11 -10 -9 -9 ------- Run | Yrd Mat Mat Min Traps Triggered . | . . . . Indirectly . | . . . . Trap Hack Attempts . | . . . . Triggered . | . . . . Disarmed . | . . . . Reprogrammed 6 | . . 6 . Reused 1 | . . 1 . Traps Extracted . | . . . . Installed . | . . . . Triggered 1 | . . 1 . Machines | -11 -10 -9 -9 ---------- Run | Yrd Mat Mat Min Machines Disabled . | . . . . Max in Single Turn . | . . . . Machines Repaired . | . . . . Machines Dismantled . | . . . . Machines Sabotaged . | . . . . Overloaded Fab Kills . | . . . . Hacking | -11 -10 -9 -9 --------- Run | Yrd Mat Mat Min Machines Accessed 10 | . 2 8 . Terminals 8 | . 1 7 . Fabricators . | . . . . Repair Stations 1 | . . 1 . Recycling Units 1 | . 1 . . Scanalyzers . | . . . . Garrison Access . | . . . . Total Hacks 28 | . 4 24 . Successful 18 | . 3 15 . Failed 10 | . 1 9 . Catastrophic 2 | . . 2 . Database Lockouts . | . . . . Manual 6 | . . 6 . Terminals 25 | . 3 22 . Fabricators . | . . . . Repair Stations 2 | . . 2 . Recycling Units 1 | . 1 . . Scanalyzers . | . . . . Garrison Access . | . . . . Terminal Hacks 13 | . 2 11 . Robot Analysis 1 | . 1 . . Prototype ID Bank 1 | . . 1 . Branch Access Points 1 | . . 1 . Emergency Access Points 1 | . 1 . . Locate Traps 1 | . . 1 . Reprogram Traps 1 | . . 1 . Patrol Status 1 | . . 1 . Transport Status 1 | . . 1 . Hauler Manifests 1 | . . 1 . Zone Layout 4 | . . 4 . Fabricator Hacks . | . . . . Repair Station Hacks 2 | . . 2 . Scan Component 1 | . . 1 . Repair 1 | . . 1 . Recycling Unit Hacks 1 | . 1 . . Report Inventory 1 | . 1 . . Scanalyzer . | . . . . Garrison Access Hacks . | . . . . Unauthorized Hacks 2 | . . 2 . Terminals 2 | . . 2 . Botnet 2 | . . 2 . Fabricators . | . . . . Repair Stations . | . . . . Recycling Units . | . . . . Scanalyzers . | . . . . Garrison Access . | . . . . Data Cores Recovered . | . . . . Used . | . . . . Hacking Detections 6 | . 2 4 . Full Trace Events . | . . . . Feedback Events . | . . . . Feedback Blocked . | . . . . Robot Schematics Acquired . | . . . . Robots Built . | . . . . Authchips . | . . . . Time . | . . . . Total Robot Build Rating . | . . . . Part Schematics Acquired . | . . . . Parts Built . | . . . . Authchips . | . . . . Time . | . . . . Total Part Build Rating . | . . . . Part Studies Acquired . | . . . . Parts Repaired 1 | . . 1 . Time 32 | . . 32 . Parts Recycled . | . . . . Recycled Matter . | . . . . Retrieved Matter . | . . . . Retrieved Components . | . . . . Parts Scanalyzed . | . . . . Part Schematics Acquired . | . . . . Parts Damaged . | . . . . Bothacking | -11 -10 -9 -9 ------------ Run | Yrd Mat Mat Min Used RIF Installer . | . . . . Robots Hacked . | . . . . Non-combat . | . . . . Combat . | . . . . Robot Hacks Applied . | . . . . Relay Couplers Released . | . . . . Fabnet Peak Effective % . | . . . . Robots Rewired . | . . . . Allies Hacked . | . . . . Hacks Repelled . | . . . . Allies | -11 -10 -9 -9 -------- Run | Yrd Mat Mat Min Total Allies . | . . . . Largest Group . | . . . . Highest-Rated Group . | . . . . Highest-Rated Ally . | . . . . Total Orders . | . . . . Ally Attacks . | . . . . Total Damage . | . . . . Kills . | . . . . Allies Corrupted . | . . . . Allies Melted . | . . . . Intel | -11 -10 -9 -9 ------- Run | Yrd Mat Mat Min Active Infowar (turns) 1480 | . . 1442 38 Machine Analysis 1480 | . . 1442 38 Robot Analysis Total 1 | . 1 . . Derelict Logs Recovered . | . . . . Drone Launches . | . . . . Drone Recoveries . | . . . . Exploration | -11 -10 -9 -9 ------------- Run | Yrd Mat Mat Min Turns Passed 1767 | 52 222 1447 46 Spaces Moved 846 | 49 211 581 5 Core 17 | 9 . 8 . Treads 279 | . . 279 . Legs 70 | . . 65 5 Wheels 480 | 40 211 229 . Hover . | . . . . Flight . | . . . . Fastest Speed 50 | 50 90 90 260 Average Speed 153 | 88 90 181 260 Slowest Speed 550 | 100 90 550 260 Overloaded Moves . | . . . . Propulsion Burnouts . | . . . . Robots Hopped . | . . . . Potential Cave-ins . | . . . . Cave-ins Triggered . | . . . . Exploration Rate (%) 21 | 4 40 38 5 Regions Visited 3 Branch Regions 1 Pre-discovered Areas . | . . . . Known Exits Taken 1 | . . 1 . Unknown Exits Taken 2 | 1 1 . . Scrap Searched . | . . . . Spaces Dug 1 | . . 1 . Terrain Destroyed 1 | . . 1 . Melee 1 | . . 1 . Projectile . | . . . . AOE . | . . . . Terrain Rammed . | . . . . Walls Destroyed . | . . . . Machines Disabled . | . . . . Actions | -11 -10 -9 -9 --------- Run | Yrd Mat Mat Min Total 1185 | 54 229 870 32 Wait 238 | . 7 208 23 Move 843 | 48 210 580 5 Hop . | . . . . Pick Up 6 | . 3 3 . Fast Attach 13 | 6 1 6 . Attach 1 | . . 1 . Detach . | . . . . Swap 5 | . 1 4 . Drop 1 | . . 1 . Fire 25 | . 7 18 . Melee 53 | . . 49 4 Ram . | . . . . Kick . | . . . . Crush . | . . . . Escape Stasis . | . . . . Rewire . | . . . . Trap . | . . . . Miscellaneous . | . . . . Route ------- -11/Scrapyard -10/Materials -9/Materials (discovered 2 exits: *Min x2) -9/Mines History --------- Turn | Location | Event 13 | -11/Scrapyard | Discovered new exit (range 16) 53 | -11/Scrapyard | Entered Materials 265 | -10/Materials | Discovered new exit (range 8) 275 | -10/Materials | Entered another Materials area 275 | -9/Materials | Evolved 2 slots: Utility x2 315 | -9/Materials | Build established: Mutant 676 | -9/Materials | Repaired Autogun 952 | -9/Materials | Discovered new exit (range 13) 1426 | -9/Materials | Core integrity fell below 50% 1574 | -9/Materials | Identified exit to Mines 1718 | -9/Materials | Core integrity fell below 20% 1722 | -9/Materials | Entered Mines 1768 | -9/Mines | Destroyed by G-34 Mercenary with Small Laser Last Messages --------------- Treads. 01634_ K-01 Serf collects debris. 01636_ R-06 Scavenger collects Faulty Adv. Beam Cannon. 01639_ K-01 Serf collects debris. 01639_ R-06 Scavenger collects Corrupted Med. Storage Unit. 01642_ K-01 Serf collects debris. 01653_ R-06 Scavenger collects Adv. Beam Cannon. 01711_ Lgt. Assault Rifle destroyed. 01714_ Imp. Ion Engine destroyed. LOCATION=MINES GOAL=ESCAPE Something is scanning the area. 01755_ G-34 Mercenary destroyed. 01760_ Machine Analyzer destroyed. 01760_ System corrupted by crushing effect (+2). 01760_ Knocked back. 01763_ B-36 Bruiser suffers critical hit (Smash). Map ----- +----------------------------------------------------+ | ????????????????????????????????????????????????? | | ????????????????????????????????????????????????? | | ????????????????????????????????????????????????? | | ????????????????????????????????????????????????? | | ????????????????????????????????????????????????? | | ????????????????????????????????????????????????? | | ????????????????????????????????????????????????? | | ????????????????????????????????????????????????? | | ????????????????????????????????????????????????? | | ????????????????????????????????????????????????? | | ????????????????????????????????????????????????? | | ????????????????????????????????????????????????? | | ????????????????????????????????????????????????? | | ????????????????????????????????????????????????? | | ????????????????????????????????????????????????? | | ????????????????????????????????????????????????? | | ????????????????????????????????????????????????? | | ????????????????????????????????????????????????? | | ????????????????????????????????????????????????? | | ????????????????????????????????????????????????? | | ????????????????????????????????????????????????? | | ????????????????????????????????????????????????? | | ??????????###???????????????????????????????????? | | ??????????? ?????????????????????????????????? | | ?????????????# ??????#####????????????????????? | | ??????????????# ???##@ ##???????????????????? | | ??????????????### ##b #???????????????????? | | ???????????# *% #???????????????????? | | ??????????????##### g #???????????????????? | | ??????????????????# #??????????????????? | | ??????????????????# ????????????????? | | ??????????????????# #####???????????????? | | ??????????????????# ### ##???????????????????? | | ??????????????????###??#####????????????????????? | | ????????????????????????????????????????????????? | | ????????????????????????????????????????????????? | | ????????????????????????????????????????????????? | | ????????????????????????????????????????????????? | | ????????????????????????????????????????????????? | | ????????????????????????????????????????????????? | | ????????????????????????????????????????????????? | | ????????????????????????????????????????????????? | | ????????????????????????????????????????????????? | | ????????????????????????????????????????????????? | | ????????????????????????????????????????????????? | | ????????????????????????????????????????????????? | | ????????????????????????????????????????????????? | | ????????????????????????????????????????????????? | | ????????????????????????????????????????????????? | | ????????????????????????????????????????????????? | +----------------------------------------------------+ Best States ------------- Heat Dissipation 38 Energy Generation 10 Energy Capacity 415 Matter Stores 300 Matter Capacity 300 Sight Range 16 Terrain Scan Density 10 Evasion (%) 42 Recoil Reduction 1 Item Schematics ----------------- None Robot Schematics ------------------ None Fabricated ------------ Nothing Repaired ---------- Autogun | 8% | -9/Materials Studied --------- None Alien Tech Used ----------------- None Achievements -------------- None Challenges ------------ None Game ------ Seed StealthHellfireBox Manual? 0 Play Time 00:14:52 Cumulative 247.2 hours Start 2026.06.30 @ 11:22:19 End 2026.08.19 @ 14:14:05 Sessions 3 Manual Loads 0 Difficulty Rogue Special Mode None Game No. 307 Rogue 133 Adventurer 174 Explorer 0 Win Type - Total 1 Types 1/0/0/0/0/0/0/0/0/0 Lore% 68 Gallery% 57 Achievement% 42 Wizard Run 0 Options --------- Layout 2 ASCII 0 Keyboard 1 Movement Numpad Keybinds 0 Fullscreen 1 Font 24/Smallcaps Map View 50x44 Zoom Use 0% Tactical HUD 1 Map Filters NONE Filters NONE Steam 1 RUN: fad0e8ad-6299-41e4-bfce-4d19d8de74d4